 Dungeon Crawl Stone Soup version 0.27.0-1-g7a089689b8 (webtiles) character file.

Game seed: 4943258396976900249

188 sanka the Insei (level 5, -2/26 HPs)
             Began as a Spriggan Transmuter on Aug 6, 2021.
             Slain by Pikel (10 damage)
             ... on level 4 of the Dungeon.
             The game lasted 00:10:35 (4164 turns).

sanka the Insei (Spriggan Transmuter)               Turns: 4164, Time: 00:10:39

Health: -2/26      AC:  2    Str: 12    XL:     5   Next: 39%
Magic:  10/10      EV: 17    Int: 15    God:
Gold:   192        SH:  0    Dex: 14    Spells: 8/9 levels left

rFire    . . .     SeeInvis +     - Unarmed
rCold    . . .     Faith    .   (shield restricted)
rNeg     . . .     Spirit   .   a - +0 robe
rPois    .         Reflect  .   (helmet restricted)
rElec    .         Harm     .   (no cloak)
rCorr    .         Rampage  .   (gloves unavailable)
Will     .....                  (boots unavailable)
Stlth    +.........             (no amulet)
HPRegen  0.08/turn              e - +6 ring of strength
MPRegen  0.12/turn              b - +4 ring of slaying

@: confused, very quick
A: very small, no large weapons, unfitting armour, see invisible, speed 3,
hooves 1, clumsy 1, sense surroundings 1, screaming 1
a: no special abilities


You were on level 4 of the Dungeon.
You visited 1 branch of the dungeon, and saw 4 of its levels.

You collected 192 gold pieces.


Innate Abilities, Weirdness & Mutations

You are very small and have problems with some larger weapons.
You are too small for most types of armour.
You have supernaturally acute eyesight. (SInv)
You cover ground extremely quickly. (Speed+++)
You have large cloven feet.
You are clumsy. (Dex -2)
You passively map a small area around you.
You occasionally shout uncontrollably at your foes.


   Skills:
 - Level 2.0 Fighting
 - Level 2.6 Dodging
 + Level 4.7 Unarmed Combat
 - Level 2.6 Spellcasting
 - Level 2.6 Transmutations


You had 8 spell levels left.
You knew the following spells:

 Your Spells              Type           Power      Damage    Failure   Level
z - Beastly Appendage     Tmut           20%        N/A       7%          1

Your spell library contained the following spells:

 Spells                   Type           Power      Damage    Failure   Level
 Wereblood                Tmut           10%        N/A       11%         2
 Summon Small Mammal      Summ           8%         N/A       21%         1
 Spider Form              Tmut/Pois      3%         N/A       34%         3
 Call Canine Familiar     Summ           2%         N/A       52%         3
 Gell's Gravitas          Tloc           1%         N/A       52%         3
 Lesser Beckoning         Tloc           1%         N/A       52%         3
 Summon Guardian Golem    Hex/Summ       2%         N/A       52%         3
 Teleport Other           Tloc           2%         N/A       52%         3
 Ice Form                 Ice/Tmut       6%         N/A       75%         4

Inventory:

Missiles
 d - 22 poisoned darts
Armour
 a - a +0 robe (worn)
Jewellery
 b - a +4 ring of slaying (right hand)
 e - a +6 ring of strength (left hand)
 k - a +4 ring of evasion
Scrolls
 c - a scroll of identify {unknown}
 g - a scroll of teleportation {unknown}
 h - a scroll of vulnerability {unknown}
 i - a scroll of magic mapping {unknown}
 l - a scroll of noise {unknown}
Potions
 j - a potion of curing {unknown}

Dungeon Overview and Level Annotations

Branches:
Dungeon (4/15)
 Temple: D:4-7

Altars:
Elyvilon
Fedhas
Kikubaaqudgha
Nemelex Xobeh
Ru
Sif Muna
Uskayaw
Vehumet
Xom
The Shining One

Annotations:
D:3 Grinder
D:4 Pikel

, , ,░ ░ ░
▒.▒ , ,. ░
▒.▒ , .. ,
░▒.▒ ░ ░ ..
▒.▒ ░ ░, ▒.
▒.▒, ,
..▒.5 ▒.▒ ,
, ,
░.....5▒5▒
, ,
▒..SKi▒, ,
,
....s5▒s▒,░
░ , , .....
... ,, .▒..
o...., ░ ,
,▒.,oo▒▒▒..
░ ░ ▒ ...'
..▒ ,,
░.... ░..▒
▒..., ▒▒
░,░, ░ ░ ░
, ,


You could see Pikel, 4 lemures, 2 scorpions, an orc priest, an orc wizard
(invisible), an adder and an orc.


Message History

You hear a shout!
The lemure closely misses you. The lemure misses you.
In your confused state, you trip and fall back down the stairs.
The lemure hits you!
Unknown command.
Unknown command.
Unknown command.
The lemure hits you.
In your confused state, you trip and fall back down the stairs.
Pikel hits you with a +2 whip of freezing.
* * * LOW HITPOINT WARNING * * *
Pikel freezes you.
* * * LOW HITPOINT WARNING * * *
The lemure hits you.
* * * LOW HITPOINT WARNING * * *
The orc throws a stone.
The stone completely misses you.
A lemure comes into view.
Unknown command.
Unknown command.
Unknown command.
It was a potion of mutation.
You feel extremely strange.
You feel clumsy.
You feel the urge to shout.
Your feet thicken and deform.
You feel a strange attunement to the structure of the dungeons.
Pikel hits you with a +2 whip of freezing!
You die...

Action                   |  1- 3 |  4- 6 || total
-------------------------+-------+-------++-------
Melee: Unarmed           |    53 |    41 ||    94
       Kick              |     8 |    10 ||    18
       Headbutt          |     4 |     7 ||    11
       Punch             |     2 |       ||     2
Throw: Dart              |     7 |       ||     7
 Cast: Beastly Appendage |    16 |    10 ||    26
  Use: Potion            |       |     1 ||     1
 Stab: Sleeping          |     1 |     1 ||     2
Armor: Robe              |     3 |     1 ||     4
Dodge: Dodged            |    33 |    23 ||    56

Levels and vault maps discovered:
D:1:      evilmike_arrival_crescent, layout_basic
D:2:      layout_basic
D:3:      layout_basic, mainiacjoe_overflow_paths, nicolae_uskayaw_en_pointe,
          grunt_temple_overflow_open,
          dreamdust_ecumenical_altar_angels_and_demons, minivault_19,
          uniq_grinder
D:4:      layout_basic, kennysheep_mini_moat, serial_shops, shop, uniq_menkaure,
          uniq_blork_the_orc, uniq_sigmund, uniq_pikel

Notes
Turn   | Place    | Note
-------+----------+-------------------------------------------
     0 | D:1      | sanka the Spriggan Transmuter began the quest for the Orb.
     0 | D:1      | Reached XP level 1. HP: 9/9 MP: 5/5
   271 | D:1      | Reached skill level 1 in Fighting
  1185 | D:1      | Reached XP level 2. HP: 13/14 MP: 6/6
  1703 | D:2      | Reached skill level 3 in Unarmed Combat
  1725 | D:2      | Reached XP level 3. HP: 9/18 MP: 8/8
  1993 | D:2      | Reached skill level 2 in Fighting
  2303 | D:3      | Found a shimmering altar of Xom.
  2303 | D:3      | Found a glowing golden altar of the Shining One.
  2304 | D:3      | Found a white marble altar of Elyvilon.
  2305 | D:3      | Found a sacrificial altar of Ru.
  2305 | D:3      | Found a sparkling altar of Nemelex Xobeh.
  2305 | D:3      | Noticed Grinder
  2528 | D:3      | Noticed a +0 spear
  2529 | D:3      | Noticed a +0 falchion
  2592 | D:3      | Reached XP level 4. HP: 23/23 MP: 7/9
  2825 | D:3      | Found a hide-covered altar of Uskayaw.
  2826 | D:3      | Noticed a +0 short sword
  2827 | D:3      | Noticed a +0 spear
  2827 | D:3      | Noticed a +0 short sword
  2827 | D:3      | Noticed a +0 dagger
  2828 | D:3      | Noticed a +0 dagger
  2838 | D:3      | Noticed a +0 falchion
  2869 | D:3      | Reached skill level 4 in Unarmed Combat
  2997 | D:3      | Found a radiant altar of Vehumet.
  3615 | D:3      | Found an ancient bone altar of Kikubaaqudgha.
  3616 | D:3      | Found a blossoming altar of Fedhas.
  3618 | D:3      | Found a shimmering blue altar of Sif Muna.
  3637 | D:3      | Reached XP level 5. HP: 26/26 MP: 8/10
  3692 | D:3      | Paralysed by Grinder for 3 turns
  3863 | D:3      | Found a faded altar of an unknown god.
  4159 | D:4      | Noticed a lemure
  4159 | D:4      | Noticed a lemure
  4159 | D:4      | Noticed a lemure
  4160 | D:4      | Noticed Pikel
  4163 | D:4      | Noticed a lemure
  4164 | D:4      | Gained mutation: You are clumsy. (Dex -2) [potion of
                  | mutation]
  4164 | D:4      | Gained mutation: You occasionally shout uncontrollably at
                  | your foes. [potion of mutation]
  4164 | D:4      | Gained mutation: You have large cloven feet. [potion of
                  | mutation]
  4164 | D:4      | Gained mutation: You passively map a small area around you.
                  | [potion of mutation]
  4164 | D:4      | Slain by Pikel

Vanquished Creatures
  2 orc wizards (D:3)
  3 gnolls (D:3)
  5 adders
  3 dart slugs (D:2)
  9 orcs
  2 endoplasms
  2 giant cockroaches
  2 hobgoblins
  3 jackals (D:2)
  A quokka (D:1)
  3 ball pythons
  5 bats
  A frilled lizard (D:3)
  5 goblins
  4 kobolds
  4 rats
54 creatures vanquished.
